 Dungeon Crawl Stone Soup version 0.30-a0-469-g84de5afbc5 (webtiles) character file.

Game seed: 13669922284828027074

69076 xzight the Cleaver (level 15, -6/148 HPs)
             Began as a Gargoyle Fighter on Dec 20, 2022.
             Was a High Priest of Okawaru.
             Killed from afar by a wretched star (13 damage)
             ... with a lance of force
             ... on level 2 of the Abyss.
             The game lasted 00:59:49 (18954 turns).

xzight the Cleaver (Gargoyle Fighter)              Turns: 18954, Time: 00:59:50

Health: -6/148     AC: 27    Str: 22      XL:     15   Next: 28%
Magic:  21/21      EV:  2    Int:  9 (10) God:    Okawaru [*****.]
Gold:   467        SH: 18    Dex: 13      Spells: 14/14 levels left

rFire   . . .      SeeInvis .    b - +6 broad axe (flame)
rCold   + . .      Faith    .    f - +0 tower shield
rNeg    + . .      Spirit   .    (body armour currently unavailable)
rPois   ∞          Reflect  .    (helmet currently unavailable)
rElec   .          Harm     .    (cloak currently unavailable)
rCorr   .          Rampage  .    (gloves currently unavailable)
Will    ++...      Clarity  +    (boots currently unavailable)
Stlth   +......... NoTele   +    A - amulet of regeneration
HPRegen 1.24/turn                W - ring of willpower
MPRegen 0.17/turn                C - ring of protection from cold

@: tree-form, hasted, studying Axes, invisible, very quick
A: stationary, stasis, torment immunity, boosted hp, sickness immunity, AC +11,
(big wings), negative energy resistance 1, (electricity resistance), torment
resistance 1, petrification resistance, clarity, MP-powered wands, [screaming 2]
a: Renounce Religion, Heroism, Finesse, Duel


You were on level 2 of the Abyss.
You worshipped Okawaru.
Okawaru was extremely pleased with you.
You were a tree.
You visited 4 branches of the dungeon, and saw 20 of its levels.
You visited the Abyss 1 time.
You also visited: Bailey.

You collected 1945 gold pieces.
You spent 1478 gold pieces at shops.


Innate Abilities, Weirdness & Mutations

You are a tree.
Your roots penetrate the ground, keeping you stationary.
You cannot be teleported.
You are immune to unholy pain and torment.
Your maximum health is greatly increased.
Your equipment is partially melded.
You are immune to sickness and miasma.
((Your stone body is resilient. (AC +11)))
You are immune to poison.
((Your large and strong wings let you fly.))
You resist negative energy. (rN+)
((You are resistant to electric shocks. (rElec)))
You are resistant to unholy torment.
You are immune to petrification.
You possess an exceptional clarity of mind.
You expend magic power (3 MP) to strengthen your wands.
[You frequently scream uncontrollably at your foes.]


   Skills:
 + Level 13.5 Fighting
 + Level 14.3 Axes
 + Level 13.6 Armour
 + Level 13.6 Shields
 - Level 9.0 Invocations


You had 14 spell levels left.
You didn't know any spells.
Your spell library contained the following spells:

 Spells                   Type           Power      Damage    Failure   Level
 Apportation              Tloc           0%         N/A       86%         1
 Magic Dart               Conj           0%         1d3       86%         1
 Searing Ray              Conj           0%         2d4       95%         2
 Wereblood                Tmut           0%         N/A       95%         2
 Gell's Gravitas          Tloc           0%         N/A       99%         3
 Lesser Beckoning         Tloc           0%         N/A       99%         3
 Mephitic Cloud           Conj/Pois/Air  0%         N/A       99%         3
 Ozocubu's Armour         Ice            0%         N/A       99%         3
 Portal Projectile        Hex/Tloc       0%         N/A       99%         3
 Teleport Other           Tloc           0%         N/A       99%         3
 Anguish                  Hex/Necr       0%         N/A       100%        4
 Fulminant Prism          Conj/Hex       0%         3d5       100%        4
 Petrify                  Tmut/Erth      0%         N/A       100%        4
 Alistair's Intoxication  Tmut/Pois      0%         N/A       100%        5
 Blade Hands              Tmut           0%         N/A       100%        5
 Irradiate                Conj/Tmut      0%         3d11      100%        5
 Metabolic Englaciation   Hex/Ice        0%         N/A       100%        5
 Enfeeble                 Hex            0%         N/A       100%        7
 Call Imp                 Summ           Unusable   N/A       N/A         2
 Sublimation of Blood     Necr           Unusable   N/A       N/A         2
 Tukima's Dance           Hex            Unusable   N/A       N/A         3
 Simulacrum               Ice/Necr       Unusable   N/A       N/A         6
 Summon Hydra             Summ           Unusable   N/A       N/A         7

Inventory:

Hand Weapons
 b - a +6 broad axe of flaming (weapon)
Missiles
 x - a throwing net {=f}
Armour
 e - a +0 pair of gloves (melded)
 f - a +0 tower shield (worn)
 h - a +0 pair of boots (melded)
 v - a +0 helmet (melded)
 F - a +1 cloak of willpower (melded)
 M - a +3 plate armour of cold resistance (melded)
Jewellery
 A - an amulet of regeneration (around neck)
 C - a ring of protection from cold (right branch)
 W - a ring of willpower (left branch)
Wands
 g - a wand of flame (19)
 j - a wand of polymorph (4)
 u - a wand of roots (5)
 B - a wand of paralysis (12)
 I - a wand of mindburst (7)
 L - a wand of digging (6)
Scrolls
 c - 6 scrolls of magic mapping
 l - 2 scrolls of immolation
 p - a scroll of silence {!r}
 q - 2 scrolls of blinking
 y - a scroll of vulnerability
 D - 2 scrolls of fog
 G - a scroll of poison
 K - 2 scrolls of teleportation {@r2}
Potions
 a - 2 potions of lignification
 d - 2 potions of attraction
 k - a potion of mutation
 m - 4 potions of haste {@q3}
 n - a potion of invisibility
 o - a potion of curing {@q1}
 r - 4 potions of magic
 t - 3 potions of brilliance
 z - 5 potions of flight
 J - a potion of berserk rage {!q}
Miscellaneous
 H - a condenser vane

Dungeon Overview and Level Annotations

Branches:
Dungeon (12/15)            Temple (1/1) D:4            Lair (5/5) D:10
  Swamp (0/4) Lair:3        Snake (0/4) Lair:3        Slime (0/5) Lair:5
    Orc (2/2) D:11            Elf (0/3) Orc:2        Bailey (visited)

Altars:
Ashenzari
Cheibriados
Dithmenos
Elyvilon
Gozag
Hepliaklqana
Kikubaaqudgha
Makhleb
Nemelex Xobeh
Okawaru
Qazlal
Ru
Sif Muna
Trog
Vehumet
Wu Jian
Xom
Yredelemnul
Zin
The Shining One
Jiyva

Shops:
D:4 [   D:6 :   Orc:2 (!=?

Portals:
Abyss: Lair:4
Pandemonium: Orc:2

Annotations:
D:10 exclusions: lindwurm and 1 more exclusion
Lair:4 1 transporter

.. . ..#▒
▒##▒. .# ..▒
.#.. ..###..
..# ▒
##.x..▒▒.###.▒
..x........▒
#.#.s.....#
▒....Z✱▒
▓.X.#####♣▒ .
#..# #....
..▒...▒
▒▒▒...▒▒ ▒▒▒▒.
. .


You could see a wretched star, a worldbinder (unable to see you), a tarantella
(summoned, wandering, unable to see you), a small abomination (unable to see
you) and a harpy simulacrum (unable to see you).


Message History

The harpy simulacrum freezes you. You resist.
* * * LOW HITPOINT WARNING * * *
You block the harpy simulacrum's attack.
Really quaff the potion of lignification?
You turn into a tree.
Your +1 cloak of willpower melds into your body.
Your +0 helmet melds into your body.
Your +0 pair of gloves melds into your body.
Your +0 pair of boots melds into your body.
Your +3 plate armour of cold resistance melds into your body.
You feel less strong-willed.
You feel less resistant to cold.
Your roots penetrate the ground.
You block the harpy simulacrum's attack. x2
There are monsters nearby!
The harpy simulacrum claws you but does no damage.
You block the harpy simulacrum's attack. x2
The harpy simulacrum claws you but does no damage.
The worldbinder calls forth creatures from the Spider Nest!
The tarantella's many legs skitter faintly.
You block the harpy simulacrum's attack.
The harpy simulacrum claws you but does no damage.
The wretched star pulses with an eldritch light!
You feel the urge to shout.
You feel a strong urge to scream.
The harpy simulacrum claws you but does no damage.
The harpy simulacrum barely misses you.
You block the harpy simulacrum's attack. x2
You block the harpy simulacrum's attack. x2
The wretched star glows turbulently.
The lance of force hits you!
You die...

Skill      XL: |  1  2  3  4  5  6  7  8  9 10 11 12 13 14 15 |
---------------+----------------------------------------------+-----
Axes           | 2 3 4 5 6 11 12 13 14 | 14.3
Fighting       | 4 5 7 8 9 10 12 13 | 13.5
Armour         | 4 5 6 8 9 11 12 13 | 13.6
Shields        | 4 5 6 8 9 10 12 13 | 13.6
Invocations    | 3 6 8 9 |  9.0

Action                   |  1- 3 |  4- 6 |  7- 9 | 10-12 | 13-15 || total
-------------------------+-------+-------+-------+-------+-------++-------
Melee: War axe           |   109 |   123 |   394 |   401 |       ||  1027
       Broad axe         |       |       |       |   167 |   982 ||  1149
Invok: Heroism           |       |       |       |     3 |     5 ||     8
       Finesse           |       |       |       |       |     3 ||     3
Evoke: Wand              |       |     1 |       |    10 |     5 ||    16
  Use: Scroll            |     1 |     3 |    10 |    18 |     8 ||    40
       Potion            |       |     1 |       |     3 |    19 ||    23
 Stab: Paralysed         |       |       |       |       |     4 ||     4
Armor: Scale mail        |    85 |    90 |   281 |    18 |       ||   474
       Skin              |       |     1 |       |       |     4 ||     5
       Chain mail        |       |       |       |   260 |       ||   260
       Plate armour      |       |       |       |   175 |   726 ||   901
Dodge: Dodged            |    53 |    64 |   171 |   223 |   245 ||   756
Block: Buckler           |    14 |       |       |       |       ||    14
       Kite shield       |    15 |    76 |   268 |   539 |   450 ||  1348
       Tower shield      |       |       |       |       |   490 ||   490

Levels and vault maps discovered:
D:1:      grunt_arrival_lava_bath, layout_loops_ring,
          shapermc_ecumenical_altar_venn, minmay_lizard_king
D:2:      layout_loops_ring, basic_altar, minmay_pentomino_v2, uniq_sigmund,
          uniq_jessica
D:3:      layout_loops_corners, overflow_temple_1_default, uniq_grinder
D:4:      layout_rooms, nicolae_qazlal_scattered_showers,
          minmay_temple_entry_waves, portal_sewer_entry_d, serial_shops, shop
D:5:      layout_cave_pools, makhleb_heckhound_becter
D:6:      minmay_general_purpose_star, layout_loops_ring,
          gammafunk_temple_overflow_forgotten, lemuel_coloured_pillars_altar,
          mainiacjoe_overflow_catwalk, nicolae_shop_self_help
D:7:      layout_basic, grunt_temple_overflow_opulence, evilmike_ruin_ashenzari,
          nicolae_elevator_lobby_asterisk, uniq_crazy_yiuf_cottage
D:8:      layout_rooms, uniq_psyche, uniq_pikel
D:9:      layout_roguey, lemuel_crystal_altar, enter_bailey_2
D:10:     layout_irregular_city, erik_lair_island, minivault_14
D:11:     layout_roguey, david_orc_2, elyvilon_altar_1
D:12:     layout_basic, hangedman_weighted_door
Temple:   chequers_temple_sunken
Lair:1:   dreamdust_isle_of_ice, layout_long_grid, lemuel_centaur_altar
Lair:2:   layout_cave_pods, basic_altar, lemuel_fruit_fields, grunt_megastairs_1
Lair:3:   layout_regular_city, swamp_mist, minmay_snake_entry_guardpost_medium,
          cheibrodos_lair_caveside_slide, uniq_nessos, uniq_urug, uniq_josephine
Lair:4:   layout_regular_city, gammafunk_ghost_abyssal_escape, minivault_26,
          serial_bayou_shore_b
Lair:5:   hangedman_lair_caniforms_friends, layout_misc_corridors,
          dpeg_slime_entry_enclosed
Orc:1:    layout_diamond_mine, mines1_david, uniq_gastronok
Orc:2:    pf_orc_diabolical, layout_caves
Abyss:2:  base: Sewer, hangedman_decor_riveting

Notes
Turn   | Place    | Note
-------+----------+-------------------------------------------
     0 | D:1      | xzight the Gargoyle Fighter began the quest for the Orb.
     0 | D:1      | Reached XP level 1. HP: 14/14 MP: 1/1
    84 | D:1      | Reached skill level 2 in Axes
    84 | D:1      | Reached XP level 2. HP: 19/19 MP: 2/2
   244 | D:1      | Found a faded altar of an unknown god.
   381 | D:1      | Reached XP level 3. HP: 23/23 MP: 3/3
   839 | D:2      | Noticed Sigmund
   891 | D:2      | Identified the +7 mace of the Dozen Tables {flame, rPois
                  | Str+4 Int+3}
   978 | D:2      | Noticed Jessica
   998 | D:2      | Killed Jessica
   999 | D:2      | Reached XP level 4. HP: 24/29 MP: 4/4
  1099 | D:2      | Reached skill level 4 in Fighting
  1144 | D:2      | Found a sacrificial altar of Ru.
  1269 | D:2      | Killed Sigmund
  1270 | D:2      | Reached skill level 3 in Axes
  1270 | D:2      | Reached skill level 4 in Armour
  1270 | D:2      | Reached skill level 4 in Shields
  1270 | D:2      | Reached XP level 5. HP: 24/34 MP: 5/5
  1270 | D:2      | Reached XP level 6. HP: 28/39 MP: 6/6
  1837 | D:3      | Noticed Grinder
  2344 | D:3      | Paralysed by Grinder for 2 turns
  2353 | D:3      | Grinder changed into Grinder the quasit
  2353 | D:3      | Noticed Grinder
  2366 | D:3      | Killed Grinder the quasit
  2456 | D:3      | Found a shadowy altar of Dithmenos.
  2720 | D:4      | Reached skill level 5 in Fighting
  2725 | D:4      | Reached skill level 5 in Armour
  2725 | D:4      | Reached skill level 5 in Shields
  2725 | D:4      | Reached XP level 7. HP: 37/44 MP: 7/7
  3032 | D:4      | Reached skill level 4 in Axes
  3149 | D:4      | Found a staircase to the Ecumenical Temple.
  3158 | Temple   | Entered the Ecumenical Temple
  3172 | Temple   | Became a worshipper of Warmaster Okawaru
  3263 | D:4      | Found Opregh's Armour Shop.
  3266 | D:4      | Bought a +0 helmet for 54 gold pieces
  3557 | D:4      | Found a stormy altar of Qazlal.
  3788 | D:5      | Entered Level 5 of the Dungeon
  3815 | D:5      | Reached XP level 8. HP: 33/51 MP: 8/8
  3825 | D:5      | Reached skill level 6 in Fighting
  3892 | D:5      | Reached skill level 6 in Armour
  3892 | D:5      | Reached skill level 6 in Shields
  4150 | D:4      | Reached * piety under Okawaru
  4302 | D:5      | Found a burning altar of Makhleb.
  4674 | D:6      | Found a basalt altar of Yredelemnul.
  4675 | D:6      | Found a glowing golden altar of the Shining One.
  4676 | D:6      | Found a snail-covered altar of Cheibriados.
  4692 | D:6      | Reached skill level 5 in Axes
  4884 | D:6      | Found Qavabidgh's Self-Improvement Boutique.
  4914 | D:6      | Found a radiant altar of Vehumet.
  4948 | D:6      | Reached ** piety under Okawaru
  4949 | D:6      | Reached skill level 7 in Fighting
  4949 | D:6      | Reached XP level 9. HP: 57/57 MP: 9/9
  4974 | D:6      | Reached skill level 7 in Armour
  4974 | D:6      | Reached skill level 7 in Shields
  5529 | D:6      | Found a glowing silver altar of Zin.
  5854 | D:7      | Found an opulent altar of Gozag.
  5855 | D:7      | Found a sparkling altar of Nemelex Xobeh.
  5873 | D:7      | Found a broken altar of Ashenzari.
  6133 | D:7      | Reached skill level 6 in Axes
  6560 | D:7      | Found a runed translucent door.
  6561 | D:7      | Noticed Crazy Yiuf
  6663 | D:7      | Killed Crazy Yiuf
  6724 | D:8      | Reached skill level 8 in Fighting
  6726 | D:8      | Reached skill level 8 in Armour
  6740 | D:8      | Reached skill level 8 in Shields
  6876 | D:8      | Reached *** piety under Okawaru
  6877 | D:8      | Reached XP level 10. HP: 52/64 MP: 10/10
  6988 | D:8      | Noticed Pikel
  7004 | D:8      | Killed Pikel
  7029 | D:8      | Noticed Psyche
  7046 | D:8      | Killed Psyche
  7306 | D:9      | Reached skill level 7 in Axes
  7361 | D:9      | Reached **** piety under Okawaru
  7362 | D:9      | Reached skill level 9 in Fighting
  7395 | D:9      | Reached skill level 9 in Armour
  7395 | D:9      | Reached skill level 9 in Shields
  7452 | D:9      | Found a flagged portal.
  7460 | Bailey   | Entered a bailey
  7465 | Bailey   | Noticed an orc warlord
  7529 | Bailey   | Found a runed translucent gate.
  7531 | Bailey   | Found a runed translucent gate.
  7537 | Bailey   | Found a runed translucent gate.
  7594 | Bailey   | Killed an orc warlord
  7734 | Bailey   | Reached skill level 11 in Axes
  7734 | Bailey   | Reached XP level 11. HP: 71/71 MP: 11/11
  8051 | D:9      | Found a sacrificial altar of Ru.
  8088 | D:9      | Noticed a centaur warrior
  8104 | D:9      | Killed a centaur warrior
  8105 | D:9      | Reached XP level 12. HP: 63/77 MP: 12/12
  8339 | D:10     | Entered Level 10 of the Dungeon
  8367 | D:10     | Noticed a two-headed ogre
  8368 | D:10     | a two-headed ogre changed into a lindwurm
  8821 | D:9      | Found a sacrificial altar of Ru.
  9372 | D:10     | Found a staircase to the Lair.
  9726 | D:10     | Reached ***** piety under Okawaru
  9760 | D:10     | Reached skill level 10 in Armour
  9793 | D:10     | Reached skill level 10 in Fighting
  9793 | D:10     | Reached skill level 10 in Shields
  9909 | D:11     | Found a white marble altar of Elyvilon.
 10246 | D:11     | Found a staircase to the Orcish Mines.
 10528 | Lair:1   | Entered Level 1 of the Lair of Beasts
 11021 | Lair:1   | Noticed an ice dragon
 11046 | Lair:1   | Killed an ice dragon
 11047 | Lair:1   | Reached skill level 1 in Invocations
 11306 | Lair:1   | Reached skill level 2 in Invocations
 11378 | Lair:1   | Identified the +2 cloak of Cateckauwo {rN+ Str-3 Dex+3}
                  | (Okawaru gifted it to you on level 1 of the Lair of Beasts)
 11378 | Lair:1   | Received a gift from Okawaru
 11448 | Lair:1   | Found a shimmering altar of Xom.
 11726 | Lair:2   | Reached skill level 3 in Invocations
 11735 | Lair:2   | Noticed an eight-headed hydra
 11737 | Lair:2   | Reached skill level 12 in Axes
 11790 | Lair:2   | Killed a one-headed hydra
 12054 | Lair:2   | Noticed a four-headed hydra
 12060 | Lair:2   | Killed a one-headed hydra
 12066 | Lair:2   | Reached skill level 11 in Armour
 12066 | Lair:2   | Reached XP level 13. HP: 75/84 MP: 15/15
 12080 | Lair:2   | Found a snail-covered altar of Cheibriados.
 12125 | Lair:2   | Reached skill level 11 in Fighting
 12125 | Lair:2   | Reached skill level 4 in Invocations
 12176 | Lair:2   | Reached skill level 11 in Shields
 12752 | Lair:3   | Noticed Josephine
 12770 | Lair:3   | Killed Josephine
 12792 | Lair:3   | Found a staircase to the Swamp.
 12876 | Lair:3   | Noticed Urug
 12885 | Lair:3   | Killed Urug
 12886 | Lair:3   | Reached skill level 5 in Invocations
 12972 | Lair:3   | Noticed Nessos
 13088 | Lair:3   | Killed Nessos
 13385 | Lair:3   | Found a staircase to the Snake Pit.
 13392 | Lair:3   | Received a gift from Okawaru
 14117 | Lair:4   | Noticed sirJeffrey23's ghost (journeyman DsFi)
 14123 | Lair:4   | Found a transporter.
 14129 | Lair:4   | Found a one-way gate to the infinite horrors of the Abyss.
 14129 | Lair:4   | Found a transporter.
 14355 | Lair:4   | Noticed a sphinx
 14480 | Lair:5   | Entered Level 5 of the Lair of Beasts
 14657 | Lair:5   | Reached ****** piety under Okawaru
 14661 | Lair:5   | Identified a scarf of resistance (Okawaru gifted it to you
                  | on level 5 of the Lair of Beasts)
 14661 | Lair:5   | Received a gift from Okawaru
 14668 | Lair:5   | Reached skill level 6 in Invocations
 14739 | Lair:5   | Reached skill level 12 in Armour
 14742 | Lair:5   | Reached skill level 12 in Fighting
 14748 | Lair:5   | Reached skill level 12 in Shields
 14832 | Lair:5   | Identified the +1 leather armour "Gening" {rN+ Str+3
                  | Stlth+}
 14910 | Lair:5   | Gained mutation: Your large and strong wings let you fly.
                  | [Gargoyle growth]
 14910 | Lair:5   | Reached XP level 14. HP: 92/92 MP: 18/18
 15091 | Lair:5   | Reached skill level 13 in Axes
 15140 | Lair:5   | Reached skill level 7 in Invocations
 15481 | Lair:5   | Found a viscous altar of Jiyva.
 15481 | Lair:5   | Found a staircase to the Slime Pits.
 15903 | Orc:1    | Entered Level 1 of the Orcish Mines
 15903 | Orc:1    | Noticed an orc warlord
 15933 | D:11     | HP: 9/92 [orc priest/divine providence[an orc warlord] (9)]
 16067 | D:11     | Killed an orc warlord
 16067 | D:11     | Identified the +1 cloak of the Land of Plenty {MP+9}
                  | (Okawaru gifted it to you on level 11 of the Dungeon)
 16067 | D:11     | Received a gift from Okawaru
 16211 | Orc:1    | Noticed Gastronok
 16225 | Orc:1    | Killed Gastronok
 16301 | Orc:2    | Entered Level 2 of the Orcish Mines
 16389 | Orc:2    | Noticed an orc warlord
 16435 | Orc:1    | Killed an orc warlord
 16837 | D:6      | Bought a manual of Axes for 1200 gold pieces
 17020 | Orc:2    | Found a staircase to the Elven Halls.
 17167 | Orc:2    | Reached skill level 8 in Invocations
 17257 | Orc:2    | Found Yfruez's Magic Scroll Shop.
 17266 | Orc:2    | Found Beramar's Distillery.
 17290 | Orc:2    | Gained mutation: You are weak. (Str -2) [a neqoxec]
 17298 | Orc:2    | Gained mutation: [You occasionally shout uncontrollably at
                  | your foes.] [a neqoxec]
 17310 | Orc:2    | Lost mutation: [You occasionally shout uncontrollably at
                  | your foes.] [potion of mutation]
 17310 | Orc:2    | Lost mutation: You are weak. (Str -2) [potion of mutation]
 17310 | Orc:2    | Gained mutation: You are agile. (Dex +4, Str/Int -1)
                  | [potion of mutation]
 17316 | Orc:2    | Bought a scroll of enchant weapon for 112 gold pieces
 17316 | Orc:2    | Bought a scroll of enchant weapon for 112 gold pieces
 17364 | Orc:2    | Reached skill level 13 in Armour
 17633 | Orc:2    | Reached skill level 13 in Fighting
 17633 | Orc:2    | Reached skill level 13 in Shields
 17672 | Orc:2    | Lost mutation: You are agile. (Dex +4, Str/Int -1) [a
                  | neqoxec]
 17732 | Orc:2    | Reached XP level 15. HP: 70/99 MP: 21/21
 17737 | Orc:2    | Gained mutation: You sometimes lose your temper in combat.
                  | [a neqoxec]
 17848 | Orc:2    | Reached skill level 14 in Axes
 17860 | Orc:2    | Received a gift from Okawaru
 17932 | Orc:2    | Found Kijon's Antique Weapon Shoppe.
 17932 | Orc:2    | Found Peghe's Jewellery Emporium.
 17933 | Orc:2    | Found a one-way gate leading to the halls of Pandemonium.
 17943 | Orc:2    | Lost mutation: You sometimes lose your temper in combat.
                  | [potion of mutation]
 17943 | Orc:2    | Gained mutation: You possess an exceptional clarity of
                  | mind. [potion of mutation]
 17943 | Orc:2    | Gained mutation: You expend magic power (3 MP) to
                  | strengthen your wands. [potion of mutation]
 18496 | Lair:4   | a death yak changed into an emperor scorpion
 18496 | Lair:4   | Noticed an emperor scorpion (glowing shapeshifter)
 18500 | Lair:4   | Reached skill level 9 in Invocations
 18500 | Lair:4   | an emperor scorpion changed into a quicksilver ooze
 18517 | Lair:4   | Killed sirJeffrey23's ghost
 18576 | Lair:4   | You are cast into the Abyss!
 18576 | Abyss:2  | Cast into level 2 of the Abyss (spriggan)
 18789 | Abyss:2  | Found a corrupted altar of Lugonu.
 18789 | Abyss:2  | Found a corrupted altar of Lugonu.
 18789 | Abyss:2  | Found a corrupted altar of Lugonu.
 18829 | Abyss:2  | Noticed a daeva
 18855 | Abyss:2  | Noticed a lich
 18949 | Abyss:2  | HP: 7/99 [harpy simulacrum (7)]
 18949 | Abyss:2  | HP: 1/99 [harpy simulacrum (6)]
 18954 | Abyss:2  | Killed from afar by a wretched star

Vanquished Creatures
  Gastronok (Orc:1)
  The ghost of sirJeffrey23 the Tortoise, a journeyman DsFi of Makhleb (Lair:4)
  3 orc warlords
  Nessos (Lair:3)
  Josephine (Lair:3)
  A spriggan zombie (Abyss:2)
  An ice dragon (Lair:1)
  2 jorogumos (shapeshifter) (Lair:4)
  3 hydras
  A demonspawn (Orc:2)
  A centaur warrior (D:9)
  A boulder beetle (Lair:4)
  4 death yaks (Lair:5)
  8 orc high priests (Orc:2)
  Urug (Lair:3)
  A sixfirhy (Orc:2)
  A soul eater (Orc:2)
  Pikel (D:8)
  A wolf spider (Lair:5)
  5 orc knights
  4 orc sorcerers (Orc:2)
  An ugly thing (Lair:4)
  3 black mambas
  An ice statue (Lair:1)
  A torpor snail (Lair:5)
  7 cane toads
  Psyche (D:8)
  3 rime drakes
  9 komodo dragons
  A yaktaur (D:10)
  A hellwing (Orc:2)
  15 polar bears
  3 trolls
  6 raiju
  A hornet (D:9)
  3 small abominations (Abyss:2)
  10 blink frogs
  Sigmund (D:2)
  10 wyverns
  2 shadows
  2 ynoxinuls (Lair:4)
  13 yaks
  4 wraiths (Lair:3)
  3 neqoxecs
  5 basilisks
  5 nagas (Lair:3)
  A steam dragon (D:8)
  A large abomination (Abyss:2)
  A harpy simulacrum (Lair:1)
  11 wargs
  2 acid dragons
  9 water moccasins
  12 hell hounds (Lair:5)
  34 orc warriors
  A sky beast (D:6)
  13 black bears
  3 ice beasts
  32 wolves
  5 ogres
  8 centaurs
  A phantom (D:5)
  10 bullfrogs
  4 kobold brigands
  3 scorpions
  2 gnoll sergeants
  10 wights
  11 killer bees
  4 howler monkeys
  4 electric eels (D:10)
  A quasit (D:3)
  8 hounds
  29 orc priests
  3 jellies
  Crazy Yiuf (D:7)
  A gnoll bouda (D:9)
  Jessica (D:2)
  An iguana (D:7)
  19 orc wizards
  A troll simulacrum (Lair:1)
  19 gnolls
  7 adders
  2 shadow imps
  An ufetubus (D:7)
  4 dart slugs
  70 orcs
  6 endoplasms
  2 giant cockroaches (D:4)
  7 goblins
  5 hobgoblins
  32 kobolds
  3 quokkas
  6 ball pythons
  8 bats
  9 frilled lizards (D:1)
  8 rats
  2 butterflies (Lair:2)
592 creatures vanquished.

Vanquished Creatures (others)
  An orc wizard (D:9)
  28 fungi
  42 plants
71 creatures vanquished.

Grand Total: 663 creatures vanquished

Table legend: (Time is in decaauts)
 A = Elapsed time spent in this place.
 B = Non-inter-level travel time spent in this place.
 C = Inter-level travel time spent in this place.
 D = Time resting spent in this place.
 E = Time spent auto-exploring this place.
 F = Levels seen in this place.
 G = Mean time per level.
                   A        B        C        D        E       F      G
               +--------+--------+--------+--------+--------+-----+--------+
         Total |  19417 |  17699 |   1718 |   2285 |  10149 |  22 |  882.6 |
       Dungeon |  11278 |  10100 |   1178 |   1323 |   6082 |  12 |  939.8 |
        Temple |     29 |     19 |     10 |      0 |      0 |   1 |   29.0 |
          Lair |   5446 |   5099 |    347 |    523 |   3255 |   5 | 1089.2 |
  Orcish Mines |   1930 |   1749 |    181 |    347 |    701 |   2 |  965.0 |
         Abyss |    372 |    372 |      0 |     61 |      9 |   1 |  372.0 |
        Bailey |    360 |    360 |      0 |     31 |    101 |   1 |  360.0 |
               +--------+--------+--------+--------+--------+-----+--------+

Top non-repeatable levels by time:
     D:9: 1451 daAuts
     D:3: 1355 daAuts
     D:7: 1290 daAuts
  Lair:5: 1239 daAuts
   Orc:2: 1226 daAuts
  Lair:1: 1137 daAuts
    D:10: 1112 daAuts
  Lair:4: 1055 daAuts
     D:6: 1054 daAuts
  Lair:3: 1022 daAuts
    D:11: 1011 daAuts
  Lair:2: 991 daAuts
     D:4: 944 daAuts
     D:1: 921 daAuts
     D:2: 849 daAuts

Table legend:
 A = Non-vault XP
 B = Vault XP
 C = Vault XP percentage of total XP
 D = Non-vault monster count
 E = Vault monster count
 F = Vault count percentage of total count
                 A         B        C        D         E       F
            +---------+---------+-------+---------+---------+-------
      Total |   43528 |   46524 |  51.7 |     372 |     219 |  37.1
            +---------+---------+-------+---------+---------+-------
        D:1 |      32 |       9 |  22.0 |      19 |       9 |  32.1
        D:2 |      48 |     251 |  83.9 |      16 |       2 |  11.1
        D:3 |     183 |      46 |  20.1 |      18 |       1 |   5.3
        D:4 |     653 |      56 |   7.9 |      29 |       2 |   6.5
        D:5 |     625 |       0 |   0.0 |      14 |       0 |   0.0
        D:6 |     592 |     258 |  30.4 |      12 |       3 |  20.0
        D:7 |    1029 |      41 |   3.8 |      20 |       1 |   4.8
        D:8 |    1260 |    1034 |  45.1 |      18 |       2 |  10.0
        D:9 |    2535 |     407 |  13.8 |      30 |       2 |   6.2
       D:10 |    1355 |     328 |  19.5 |      13 |       4 |  23.5
       D:11 |    2381 |     151 |   6.0 |      17 |       7 |  29.2
     Lair:1 |    1100 |    4952 |  81.8 |       7 |      21 |  75.0
     Lair:2 |    4127 |     936 |  18.5 |       9 |       4 |  30.8
     Lair:3 |    3410 |    4394 |  56.3 |      17 |      12 |  41.4
     Lair:4 |    3392 |    4314 |  56.0 |      13 |       8 |  38.1
     Lair:5 |   11392 |   10042 |  46.9 |      36 |      56 |  60.9
      Orc:1 |    4468 |    1528 |  25.5 |      38 |       1 |   2.6
      Orc:2 |    2445 |   16186 |  86.9 |      37 |      63 |  63.0
    Abyss:2 |    2501 |       0 |   0.0 |       9 |       0 |   0.0
     Bailey |       0 |    1591 | 100.0 |       0 |      21 | 100.0
            +---------+---------+-------+---------+---------+-------
